 Dungeon Crawl Stone Soup version 0.29-a0-80-g3050e97935 (webtiles) character file.

Game seed: 9187794679944911805

4057 Bosse the Cleaver (level 10, -11/77 HPs)
             Began as a Demonspawn Abyssal Knight on Feb 4, 2022.
             Was an Elder of Lugonu.
             Mangled by a yak (12 damage)
             ... on level 9 of the Dungeon.
             The game lasted 00:16:58 (9101 turns).

Bosse the Cleaver (Demonspawn Abyssal Knight)       Turns: 9101, Time: 00:16:59

Health: -11/77     AC: 16    Str: 15    XL:     10   Next: 4%
Magic:  11/11      EV: 11    Int: 13    God:    Lugonu [****..]
Gold:   374        SH:  9    Dex: 15    Spells: 9/9 levels left

rFire   . . .      SeeInvis +   G - +0 war axe
rCold   . . .      Faith    .   L - +0 buckler
rNeg    . . .      Spirit   .   H - +2 ring mail {Will+}
rPois   .          Reflect  +   (no helmet)
rElec   .          Harm     .   t - +0 cloak
rCorr   +          Rampage  .   h - +2 pair of gloves
Will    +....                   (no boots)
Stlth   +.........              J - amulet of reflection
HPRegen 1.22/turn               e - ring of see invisible
MPRegen 0.12/turn               n - ring of resist corrosion

@: lethally poisoned (-11 -> -12)
A: hooves 2, slimy green scales 2, powered by death 2, spiny 1
a: Renounce Religion, Depart the Abyss, Bend Space, Banish, Corrupt


You were on level 9 of the Dungeon.
You worshipped Lugonu.
Lugonu was greatly pleased with you.
You visited 2 branches of the dungeon, and saw 10 of its levels.
You visited the Abyss 1 time.

You collected 374 gold pieces.

Inventory:

Hand Weapons
 a - a +1 hand axe
 r - a +1 mace of venom
 G - a +0 war axe (weapon)
Armour
 b - a +0 leather armour
 c - a +0 ring mail
 h - a +2 pair of gloves (worn)
 t - a +0 cloak (worn)
 y - a +0 chain mail
 H - a +2 ring mail of willpower (worn)
 L - a +0 buckler (worn)
Jewellery
 e - a ring of see invisible (left hand)
 n - a ring of resist corrosion (right hand)
 u - a ring of protection from cold
 J - an amulet of reflection (around neck)
 K - a +4 ring of protection
Wands
 m - a wand of flame (14)
 x - a wand of charming (5)
 B - a wand of iceblast (9)
Scrolls
 f - a scroll of magic mapping {unknown}
 g - a scroll of brand weapon {unknown}
 i - 3 scrolls of identify {unknown}
 j - 2 scrolls of holy word {unknown}
 l - 2 scrolls of enchant weapon {unknown}
 o - a scroll of amnesia {unknown}
 s - 3 scrolls of teleportation {unknown}
 w - 5 scrolls of immolation {unknown}
 C - a scroll of enchant armour {unknown}
 D - a scroll of fog {unknown}
 F - a scroll of noise {unknown}
 I - a scroll of blinking {unknown}
Potions
 d - a potion of ambrosia {unknown}
 k - a potion of degeneration {unknown}
 p - a potion of cancellation {unknown}
 q - 2 potions of mutation {unknown}
 v - a potion of might {unknown}
 z - 2 potions of magic {unknown}
 A - 2 potions of curing
 E - a potion of flight {unknown}
 M - a potion of brilliance


   Skills:
 + Level 6.4 Fighting
 + Level 9.0 Axes
 + Level 7.2 Armour
 + Level 3.8 Dodging
 + Level 1.5 Stealth
 + Level 2.0 Shields
 + Level 2.4 Invocations


You had 9 spell levels left.
You didn't know any spells.
Your spell library contained the following spells:

 Spells                   Type           Power      Damage    Failure   Level
 Magic Dart               Conj           0%         1d3       58%         1
 Call Imp                 Summ           0%         N/A       75%         2
 Corpse Rot               Necr/Air       0%         N/A       75%         2
 Poisonous Vapours        Pois/Air       0%         N/A       75%         2
 Confusing Touch          Hex            0%         N/A       92%         3
 Gell's Gravitas          Tloc           0%         N/A       92%         3
 Mephitic Cloud           Conj/Pois/Air  0%         N/A       92%         3
 Teleport Other           Tloc           0%         N/A       92%         3
 Tukima's Dance           Hex            0%         N/A       92%         3
 Cause Fear               Hex            0%         N/A       100%        4
 Agony                    Necr           0%         N/A       100%        5
 Silence                  Hex/Air        0%         N/A       100%        5
 Dispersal                Tloc           0%         N/A       100%        6


Dungeon Overview and Level Annotations

Branches:
Dungeon (9/15)             Temple (0/1) D:4            Lair (1/6) D:9
    Orc: D:9-12

Altars:
Ashenzari
Kikubaaqudgha
Nemelex Xobeh
Sif Muna
Trog
Yredelemnul


Innate Abilities, Weirdness & Mutations

You have hoof-like feet.
You are mostly covered in slimy green scales. (AC +3)
You regenerate health from kills.
You are partially covered in sharp spines.


Message History

The water moccasin is struck by your spines.
The water moccasin bites you but does no damage.
The yak closely misses you. The yak gores you.
* * * LOW HITPOINT WARNING * * *
You block the yak's attack.
You can't go down here!
* * * LOW HITPOINT WARNING * * *
You feel very sick. You block the water moccasin's attack. The yak gores you.
* * * LOW HITPOINT WARNING * * *
The yak gores you but does no damage. You block the yak's attack.
The water moccasin misses you. The yak is struck by your spines.
The yak gores you but does no damage.
You climb upwards.
Welcome back to the Dungeon!
* * * LOW HITPOINT WARNING * * *
You feel very sick.
There is a staircase to the Lair, spattered with blood here.
You slash the water moccasin!
You kill the water moccasin!
Lugonu accepts your kill.
You hit the yak. x2; You barely miss the yak.
You hit the yak.
You feel sick.
You block the yak's attack. x2; The yak gores you but does no damage.
The yak barely misses you. You block the yak's attack.
Your Axes skill increases to level 9!
You hit the yak. Your kick misses the yak.
The yak is severely wounded.
You hit the yak but do no damage. You hit the yak. x2; You feel sick.
The yak gores you but does no damage. You block the yak's attack. x2
The yak gores you.
* * * LOW HITPOINT WARNING * * *
Unknown command.
You slice the yak!!
You kill the yak!
Lugonu accepts your kill.
You hit the yak. You completely miss the yak. You barely miss the yak.
* * * LOW HITPOINT WARNING * * *
You feel sick. The yak is struck by your spines.
The yak gores you but does no damage. The yak barely misses you.
The yak is struck by your spines. The yak gores you!
You die...

..... ....≈.≈.≈.≈≈...
#.≈..≈.≈≈≈≈≈≈≈..
#..≈≈.≈.≈≈≈≈≈... #
##...≈≈≈≈≈≈≈≈≈..≈ #.
#....≈≈≈≈≈≈≈≈≈≈≈≈
##..####..≈≈≈≈.≈.≈.≈≈≈≈≈
...........≈≈≈.Y.Y≈≈≈≈≈≈
.<....<...≈≈≈.≈.@.≈≈≈≈≈≈
..#######.≈÷≈...Y.≈≈≈≈≈≈
#..÷≈≈....≈≈≈≈≈≈
#÷.÷≈≈...≈≈≈≈≈≈.
#...≈≈≈≈...≈≈≈$.
#...≈≈≈≈.≈≈.≈≈..
#..≈≈≈≈≈.≈≈≈..≈.
#..≈≈≈≈≈.≈≈≈≈...
#.≈.≈≈.≈.≈≈≈.≈..


You could see 3 yaks.

Vanquished Creatures
  A troll (D:9)
  2 yaks (D:9)
  A wyvern (D:9)
  3 water moccasins
  2 ogres
  A black bear (D:7)
  3 necrophages
  3 centaurs
  A phantom (D:5)
  A kobold brigand (D:6)
  A gnoll sergeant (D:8)
  A bullfrog (D:5)
  5 scorpions
  A water moccasin zombie (D:6)
  A wyvern skeleton (D:7)
  A water moccasin skeleton (D:5)
  14 killer bees
  6 wights
  3 howler monkeys (D:7)
  7 hounds (D:9)
  2 jellies
  A centaur skeleton (D:7)
  2 orc priests (D:7)
  Crazy Yiuf (D:3)
  2 bullfrog skeletons
  Jessica (D:2)
  Natasha (twice) (D:3)
  3 iguanas
  A hound skeleton (D:4)
  A howler monkey zombie (D:8)
  3 adders
  3 gnolls (D:8)
  A white imp (D:6)
  3 dart slugs
  14 orcs
  5 ball pythons
  6 endoplasms
  6 giant cockroaches
  5 goblins
  5 hobgoblins
  7 jackals
  11 kobolds
  3 quokkas
  6 bats
  2 frilled lizards
  6 rats
160 creatures vanquished.

Vanquished Creatures (others)
  A fungus (D:3)
1 creature vanquished.

Grand Total: 161 creatures vanquished

Notes
Turn   | Place    | Note
-------+----------+-------------------------------------------
     0 | Abyss:1  | Bosse the Demonspawn Abyssal Knight began the quest for the
                  | Orb.
     0 | Abyss:1  | Reached XP level 1. HP: 18/18 MP: 2/2
     0 | D:1      | Escaped the Abyss
   193 | D:1      | Reached * piety under Lugonu
   228 | D:1      | Gained mutation: You have large cloven feet. [demonic
                  | ancestry]
   228 | D:1      | Reached XP level 2. HP: 13/24 MP: 3/3
   599 | D:1      | Reached skill level 2 in Axes
   626 | D:1      | Reached XP level 3. HP: 7/30 MP: 4/4
   864 | D:1      | Found a faded altar of an unknown god.
   864 | D:1      | Noticed a floating eye
   868 | D:1      | Noticed a floating eye
   872 | D:1      | Noticed a golden eye
   872 | D:1      | Noticed an eye of devastation
   900 | D:1      | Reached skill level 1 in Dodging
  1437 | D:2      | Noticed Jessica
  1448 | D:2      | Killed Jessica
  1449 | D:2      | Gained mutation: You have hoof-like feet. [demonic
                  | ancestry]
  1449 | D:2      | Reached XP level 4. HP: 3/37 MP: 5/5
  1911 | D:2      | Reached ** piety under Lugonu
  2551 | D:3      | Found a shimmering blue altar of Sif Muna.
  2666 | D:3      | Noticed Natasha
  2671 | D:3      | Killed Natasha
  2672 | D:3      | Reached skill level 3 in Axes
  2783 | D:3      | Gained mutation: You are partially covered in slimy green
                  | scales. (AC +2) [demonic ancestry]
  2783 | D:3      | Reached XP level 5. HP: 36/42 MP: 6/6
  2917 | D:3      | Found a broken altar of Ashenzari.
  2951 | D:3      | Found a runed translucent door.
  2952 | D:3      | Noticed Crazy Yiuf
  3171 | D:3      | Noticed Natasha
  3182 | D:3      | Killed Natasha
  3453 | D:3      | Killed Crazy Yiuf
  3810 | D:4      | Reached XP level 6. HP: 33/49 MP: 7/7
  3910 | D:4      | Found a staircase to the Ecumenical Temple.
  3925 | D:4      | Reached skill level 4 in Axes
  4353 | D:4      | Reached *** piety under Lugonu
  4412 | D:4      | Found a sparkling altar of Nemelex Xobeh.
  4525 | D:4      | Found a basalt altar of Yredelemnul.
  4526 | D:4      | Found an ancient bone altar of Kikubaaqudgha.
  4596 | D:4      | Found a bloodstained altar of Trog.
  4688 | D:4      | Gained mutation: You are partially covered in sharp spines.
                  | [demonic ancestry]
  4688 | D:4      | Reached XP level 7. HP: 38/55 MP: 8/8
  4926 | D:5      | Entered Level 5 of the Dungeon
  4980 | D:5      | Reached skill level 5 in Axes
  5836 | D:5      | Reached skill level 1 in Stealth
  6018 | D:6      | Gained mutation: You are mostly covered in slimy green
                  | scales. (AC +3) [demonic ancestry]
  6018 | D:6      | Reached XP level 8. HP: 49/61 MP: 9/9
  6093 | D:6      | Reached skill level 5 in Fighting
  6115 | D:6      | Reached skill level 6 in Axes
  6161 | D:6      | Reached skill level 5 in Armour
  6744 | D:7      | Reached skill level 7 in Axes
  6748 | D:7      | Gained mutation: You regenerate a little health from kills.
                  | [demonic ancestry]
  6748 | D:7      | Reached XP level 9. HP: 22/68 MP: 10/10
  7012 | D:7      | Reached **** piety under Lugonu
  7519 | D:7      | Got Mipluyd's Almanac of Evil Malediction
  8054 | D:8      | Reached skill level 8 in Axes
  8821 | D:9      | Noticed a troll
  8822 | D:9      | Found a staircase to the Lair.
  8828 | D:9      | Reached skill level 1 in Shields
  8833 | D:9      | Killed a troll
  8850 | Lair:1   | Entered Level 1 of the Lair of Beasts
  8859 | D:9      | Gained mutation: You regenerate health from kills. [demonic
                  | ancestry]
  8859 | D:9      | Reached XP level 10. HP: 24/77 MP: 11/11
  9100 | D:9      | Reached skill level 9 in Axes
  9100 | D:9      | HP: 1/77 [yak (6)]
  9101 | D:9      | Mangled by a yak

Illustrated notes

Levels and vault maps discovered:
D:1:      minmay_arrival_shattered_statue, layout_basic,
          hellmonk_ecumenical_altar_watching_god, minmay_bisected
D:2:      layout_loops_cross, uniq_jessica
D:3:      layout_loops_ring, mainiacjoe_overflow_alcove_4,
          ashenzari_conservatory_becter, uniq_crazy_yiuf_cottage, uniq_natasha
D:4:      layout_rooms, minitemple, nemelex_spade_bored_becter,
          minmay_temple_entry_wispy, hangedman_decor_diamond_cutter,
          minivault_26, chequers_serial_rivers_small_3
D:5:      layout_loops_cross, nrook_mini_backslash,
          nicolae_concentric_dashed_squares_wild
D:6:      layout_cave_pools
D:7:      layout_gridville
D:8:      layout_loops_cross, hangedman_abyss_or_decor_stagger
D:9:      layout_small_grid, erik_lair_island, zombieorc2_lemuel,
          grunt_decor_mini_mirrors, uniq_gastronok, uniq_erica
Lair:1:   layout_cellular_growth, beast_lair_carwin_3, uniq_maggie

Skill      XL: |  1  2  3  4  5  6  7  8  9 10 |
---------------+-------------------------------+-----
Axes           | 2 3 4 5 7 8 9 |  9.0
Dodging        | 1 2 3 |  3.8
Armour         | 2 3 4 6 7 |  7.2
Fighting       | 4 5 6 |  6.4
Stealth        | 1 |  1.5
Shields        | 2 |  2.0
Invocations    | |  2.4

Action                   |  1- 3 |  4- 6 |  7- 9 | 10-12 || total
-------------------------+-------+-------+-------+-------++-------
Melee: Hand axe          |   100 |   180 |   185 |       ||   465
       Kick              |    11 |    49 |    87 |     2 ||   149
       Punch             |     1 |     5 |     2 |       ||     8
       War axe           |       |       |    89 |     8 ||    97
Invok: Depart the Abyss  |     1 |       |       |       ||     1
Armor: Ring mail         |    44 |    67 |    69 |    12 ||   192
       Leather armour    |     2 |       |       |       ||     2
       Chain mail        |       |       |   102 |       ||   102
Dodge: Dodged            |    73 |    86 |   146 |    10 ||   315
Block: Buckler           |       |       |    42 |    14 ||    56
       Other             |       |       |    10 |       ||    10
       Reflection        |       |       |     3 |       ||     3

Table legend: (Time is in decaauts)
 A = Elapsed time spent in this place.
 B = Non-inter-level travel time spent in this place.
 C = Inter-level travel time spent in this place.
 D = Time resting spent in this place.
 E = Time spent auto-exploring this place.
 F = Levels seen in this place.
 G = Mean time per level.
                   A        B        C        D        E       F      G
               +--------+--------+--------+--------+--------+-----+--------+
         Total |   9165 |   8899 |    266 |    465 |   7176 |  11 |  833.2 |
       Dungeon |   9155 |   8889 |    266 |    465 |   7176 |   9 | 1017.2 |
          Lair |      9 |      9 |      0 |      0 |      0 |   1 |    9.0 |
         Abyss |      0 |      0 |      0 |      0 |      0 |   1 |    0.0 |
               +--------+--------+--------+--------+--------+-----+--------+

Top non-repeatable levels by time:
     D:3: 1333 daAuts
     D:1: 1281 daAuts
     D:7: 1256 daAuts
     D:4: 1254 daAuts
     D:2: 1108 daAuts
     D:5: 1069 daAuts
     D:8: 875 daAuts
     D:6: 697 daAuts
     D:9: 278 daAuts
  Lair:1: 9 daAuts
